 Dungeon Crawl Stone Soup version 0.28.0-43-g3370ac3207 (console) character file.

Game seed: 12198250726413751967

2018 Zeor the Thaumaturge (level 9, -15/62 HPs)
             Began as a Djinni Cinder Acolyte on Mar 23, 2022.
             Was a High Priest of Ignis.
             Demolished by a two-headed ogre
             ... wielding a +0 giant club
              (22 damage)
             ... on level 7 of the Dungeon.
             The game lasted 00:25:05 (8613 turns).

Zeor the Thaumaturge (Djinni Cinder Acolyte)        Turns: 8613, Time: 00:25:06

Health: -15/62     AC:  6    Str: 21    XL:     9   Next: 46%
Gold:   265        EV: 11    Int: 18    God:    Ignis [*****.] SH:  4 Dex: 12

rFire   + + +      SeeInvis .   a - +6 war axe {vorpal, rPois}
rCold   . . .      Faith    .   y - +1 buckler
rNeg    . . .      Spirit   .   C - +1 leather armour {rC+}
rPois   ∞          Reflect  .   t - +0 helmet
rElec   .          Harm     .   (no cloak)
rCorr   .          Rampage  .   E - +0 pair of fencer's gloves {Riposte Dex+3}
Will    +....                   (boots unavailable)
Stlth   +.........              (no amulet)
HPRegen 0.20/turn               f - +6 ring of strength
MPRegen 0.00/turn               j - ring of willpower

@: freezing walls, flying
A: sickness immunity, fire resistance 2, cold vulnerability 1, float, innate
caster, HP casting, extra vitality 1
a: Renounce Religion, Fiery Armour, Foxfire Swarm, Rising Flame


You were on level 7 of the Dungeon.
You worshipped Ignis.
Ignis was extremely pleased with you.
You visited 1 branch of the dungeon, and saw 7 of its levels.
You also visited: Sewer.

You collected 265 gold pieces.

Inventory:

Hand Weapons
 a - the +6 war axe of the Candle (weapon) {vorpal, rPois}
   (You found it on level 5 of the Dungeon)

   It inflicts extra damage upon your enemies.
   rPois:     It protects you from poison.
 b - a +0 falchion of flaming
 h - a +2 dagger of draining
 r - a +2 war axe of electrocution
 x - a +0 battleaxe
 B - the +5 mace "Zausk" {freeze, rF+ rCorr}
   (You found it on level 5 of the Dungeon)

   It freezes those it strikes, dealing additional cold damage.
   It can also slow down cold-blooded creatures.
   rF:        It protects you from fire.
   rCorr:     It protects you from acid and corrosion.
 G - a +3 great sword of freezing
Missiles
 d - 33 poisoned darts
 e - 6 atropa-tipped darts
 s - 2 throwing nets
Armour
 t - a +0 helmet (worn)
 y - a +1 buckler (worn)
 C - a +1 leather armour of cold resistance (worn)
 E - the +0 pair of fencer's gloves (worn) {Riposte Dex+3}
   (You acquired it in a sewer)

   It allows the wearer to riposte with melee weapons, swiftly retaliating
   against missed attacks.
   Dex:       It affects your dexterity (+3).
Jewellery
 f - a +6 ring of strength (left hand)
 j - a ring of willpower (right hand)
Wands
 k - a wand of iceblast (8)
 n - a wand of paralysis (14)
 w - a wand of digging (4)
 F - a wand of mindburst (11)
Scrolls
 c - 10 scrolls of teleportation
 g - a scroll of magic mapping
 o - 3 scrolls of fear
Potions
 i - 3 potions of cancellation
 l - 2 potions of degeneration {unknown}
 m - a potion of invisibility {unknown}
 p - a potion of curing {unknown}
 q - 3 potions of heal wounds
 u - a potion of ambrosia {unknown}
 v - a potion of attraction {unknown}
 z - a potion of might {unknown}
 A - a potion of mutation {unknown}
 D - a potion of flight {unknown}


   Skills:
 + Level 3.9 Fighting
 + Level 3.2 Long Blades
 + Level 1.0 Axes
 + Level 1.9 Armour
 + Level 1.2 Dodging
 + Level 1.4 Stealth
 * Level 8.6 Spellcasting


You had 14 spell levels left.
You knew the following spells:

 Your Spells              Type           Power      Damage    Failure   Level
a - Scorch                Fire           76%        2d8       1%          2
b - Freeze                Ice            100%       1d11      1%          1
c - Ensorcelled Hibernat  Hex/Ice        76%        N/A       1%          2
d - Lesser Beckoning      Tloc           38%        N/A       1%          3
e - Frozen Ramparts       Ice            76%        1d9       1%          3
Your spell library was empty.

Dungeon Overview and Level Annotations

Branches:
Dungeon (7/15)             Temple (0/1) D:5           Sewer (visited)

Altars:
Ashenzari
Dithmenos
Elyvilon
Sif Muna
Vehumet
The Shining One

Annotations:
D:4 3 runed translucent doors, Icepheonix32's ghost, weakling SpDe; Stoinky's ghost, amateur MiAK
D:5 1 runed translucent door, Crazy Yiuf


Innate Abilities, Weirdness & Mutations

You are immune to sickness and miasma.
You are immune to poison.
Your flesh is very heat resistant. (rF++)
You are vulnerable to cold. (rC-)
You float through the air rather than walking.
You learn spells naturally, not from books.
Your magical power is your life essence.
You have superior vitality. (+4 MHP)


Message History

Okay, then.
Casting: Frozen Ramparts (safe; 1% risk of failure)
Confirm with . or Enter, or press ? or * to list all spells.
You can't see any susceptible monsters within range! (Use Z to cast anyway.)
Casting: Frozen Ramparts (safe; 1% risk of failure)
Confirm with . or Enter, or press ? or * to list all spells.
Okay, then.
Casting: Frozen Ramparts (safe; 1% risk of failure)
Confirm with . or Enter, or press ? or * to list all spells.
Flames lash the two-headed ogre.
The two-headed ogre is lightly wounded.
The two-headed ogre's fire resistance burns away.
The wall freezes the two-headed ogre.
Casting: Scorch (safe; 1% risk of failure)
Confirm with . or Enter, or press ? or * to list all spells.
Flames lash the two-headed ogre.
The two-headed ogre is burned terribly!
The two-headed ogre is heavily wounded.
The wall freezes the two-headed ogre.
Casting: Scorch (safe; 1% risk of failure)
Confirm with . or Enter, or press ? or * to list all spells.
Aiming: Freeze (safe; 1% risk of failure)
Press: ? - help, Shift-Dir - straight line, f - two-headed ogre
Aim: a two-headed ogre, wielding two +0 giant clubs (heavily wounded, more vulnerable to fire)
You freeze the two-headed ogre.
The two-headed ogre is heavily wounded.
The wall freezes the two-headed ogre!
The two-headed ogre hits you with a +0 giant club! x2
You hit the two-headed ogre.
The two-headed ogre is severely wounded.
The wall freezes the two-headed ogre.
You block the two-headed ogre's attack.
The two-headed ogre hits you with a +0 giant club!
* * * LOW HITPOINT WARNING * * *
Casting: Freeze (safe; 1% risk of failure)
Confirm with . or Enter, or press ? or * to list all spells.
Flames lash the two-headed ogre.
The two-headed ogre is severely wounded.
* * * LOW HITPOINT WARNING * * *
The wall freezes the two-headed ogre!
The two-headed ogre hits you with a +0 giant club!!
You die...

▒▒▒▒ ▒∙∙▒<)▒▒▒
▒∙∙∙∙∙)∙▒
▒∙∙∙∙∙▒R▒
▒▒▒▒▒∙∙∙O∙∙∙'∙∙
▒∙▒∙▒▒▒∙▒∙∙
▒∙▒∙▒ ▒∙▒∙▒
▒∙▒∙▒ ▒∙▒∙▒ ▒∙▒


You could see a two-headed ogre (combustible).

Vanquished Creatures
  An ice beast (D:7)
  A sky beast (D:6)
  2 black bears
  An ogre (D:6)
  A centaur (D:4)
  A phantom (D:5)
  Blork the orc (D:5)
  A kobold brigand (D:7)
  A scorpion (D:6)
  4 wights (D:6)
  5 hounds
  2 jellies (D:6)
  3 bullfrog skeletons
  2 bullfrog zombies
  3 orc priests
  Ijyb (D:3)
  2 iguanas (D:6)
  4 orc wizards
  2 hound skeletons (D:4)
  7 gnolls
  13 adders
  A howler monkey skeleton (D:5)
  3 river rats (Sewer)
  2 shadow imps (D:6)
  2 white imps (D:6)
  An ufetubus (D:6)
  A worm (D:3)
  2 dart slugs (D:1)
  21 orcs
  10 ball pythons
  7 endoplasms
  4 giant cockroaches
  3 goblins
  3 hobgoblins
  6 jackals
  5 quokkas
  4 bats
  8 frilled lizards
  13 kobolds
  14 rats
168 creatures vanquished.

Vanquished Creatures (others)
  A fungus (D:2)
1 creature vanquished.

Grand Total: 169 creatures vanquished

Notes
Turn   | Place    | Note
-------+----------+-------------------------------------------
     0 | D:1      | Zeor the Djinni Cinder Acolyte began the quest for the Orb.
     0 | D:1      | Reached XP level 1. HP: 20/20 MP: 0/0
   228 | D:1      | Reached XP level 2. HP: 25/25 MP: 0/0
   626 | D:1      | Reached XP level 3. HP: 28/30 MP: 0/0
   626 | D:1      | Learned a level 1 spell: Freeze
   816 | D:1      | Reached skill level 3 in Spellcasting
  1454 | D:2      | Found a faded altar of an unknown god.
  1471 | D:2      | Reached XP level 4. HP: 18/35 MP: 0/0
  2416 | D:3      | Noticed Ijyb
  2423 | D:3      | Killed Ijyb
  2424 | D:3      | Reached XP level 5. HP: 24/40 MP: 0/0
  2424 | D:3      | Learned a level 2 spell: Ensorcelled Hibernation
  2672 | D:3      | Reached skill level 4 in Spellcasting
  2900 | D:3      | Found a broken altar of Ashenzari.
  2917 | D:3      | Reached XP level 6. HP: 19/46 MP: 0/0
  3460 | D:3      | Found a shadowy altar of Dithmenos.
  4119 | D:4      | Reached skill level 5 in Spellcasting
  4387 | D:4      | Reached XP level 7. HP: 32/50 MP: 0/0
  4387 | D:4      | Learned a level 3 spell: Lesser Beckoning
  4527 | D:4      | Reached skill level 1 in Stealth
  4938 | D:4      | Found a runed translucent gate.
  4938 | D:4      | Found a runed translucent gate.
  4938 | D:4      | Found a runed translucent gate.
  4940 | D:4      | Noticed Stoinky's ghost (amateur MiAK)
  4940 | D:4      | Noticed Icepheonix32's ghost (weakling SpDe)
  5133 | D:5      | Entered Level 5 of the Dungeon
  5229 | D:5      | Identified the +6 war axe of the Candle {vorpal, rPois}
  5311 | D:5      | Reached skill level 6 in Spellcasting
  5647 | D:5      | Found a staircase to the Ecumenical Temple.
  5665 | D:5      | Noticed Blork the orc
  5677 | D:5      | Killed Blork the orc
  5678 | D:5      | Reached XP level 8. HP: 38/56 MP: 0/0
  6103 | D:5      | Found a white marble altar of Elyvilon.
  6152 | D:5      | Found a runed translucent door.
  6153 | D:5      | Noticed Crazy Yiuf
  6154 | D:5      | Identified the +5 mace "Zausk" {freeze, rF+ rCorr}
  6407 | D:6      | Reached skill level 7 in Spellcasting
  6787 | D:6      | Found a glowing drain.
  6798 | Sewer    | Entered a sewer
  6838 | Sewer    | Reached skill level 1 in Dodging
  7082 | Sewer    | Identified a scroll of acquirement
  7082 | Sewer    | Acquired the +0 pair of fencer's gloves {Riposte Dex+3}
  7082 | Sewer    | Found the +0 pair of fencer's gloves {Riposte Dex+3}
  7614 | D:6      | Reached XP level 9. HP: 36/61 MP: 0/0
  7614 | D:6      | Learned a level 3 spell: Frozen Ramparts
  7678 | D:6      | Reached skill level 8 in Spellcasting
  7872 | D:6      | Found a glowing golden altar of the Shining One.
  8036 | D:6      | Reached skill level 1 in Axes
  8107 | D:6      | Reached skill level 1 in Armour
  8606 | D:7      | Noticed a two-headed ogre
  8613 | D:7      | Demolished by a two-headed ogre

Illustrated notes

Levels and vault maps discovered:
D:1:      giann_horns, layout_basic
D:2:      layout_rooms, dreamdust_ecumenical_altar_grove,
          chequers_serial_rivers_micro_d, grunt_decor_cap
D:3:      layout_loops_cross, old_standard_altar,
          nicolae_dithmenos_through_a_glass_darkly,
          mainiacjoe_overflow_surrounded_room, uniq_ijyb
D:4:      layout_loops_ring, gammafunk_ghost_cemetery
D:5:      layout_loops_corners, kennysheep_little_box, elyvilon_altar_4,
          minmay_temple_entry_arrows, uniq_crazy_yiuf_cottage,
          uniq_blork_the_orc
D:6:      layout_basic, tso_altar, gup_sewer_entry_bubbles,
          minmay_fractal_squares_gapless_5
D:7:      kennysheep_seaside_town, layout_basic, kennysheep_generic_room_10,
          uniq_maggie

Skill      XL: |  1  2  3  4  5  6  7  8  9 |
---------------+----------------------------+-----
Spellcasting   | 3 4 5 6 7 8 |  8.6
Long Blades    | 3 |  3.2
Stealth        | 1 |  1.4
Dodging        | 1 |  1.2
Axes           | 1 |  1.0
Armour         | 1 |  1.9
Fighting       | |  3.9

Action                   |  1- 3 |  4- 6 |  7- 9 || total
-------------------------+-------+-------+-------++-------
Melee: Falchion          |    36 |    20 |     6 ||    62
       War axe           |       |       |    36 ||    36
 Cast: Scorch            |    23 |    57 |   119 ||   199
       Freeze            |    10 |    14 |    27 ||    51
       Ensorcelled Hiber |       |     1 |       ||     1
       Frozen Ramparts   |       |       |     4 ||     4
  Use: Scroll            |     1 |     4 |     6 ||    11
 Stab: Sleeping          |       |     1 |       ||     1
Armor: Robe              |    10 |    11 |    14 ||    35
       Leather armour    |       |       |    13 ||    13
Dodge: Dodged            |    24 |    34 |    36 ||    94
Block: Buckler           |       |       |     5 ||     5
       Rpst.: War axe    |       |       |     6 ||     6
